 Dungeon Crawl Stone Soup version 0.29.1-15-g9cfb28693d (webtiles) character file.

Game seed: 17799029556025000886

206 CatalinOSBI the Covered (level 5, -2/34 HPs)
             Began as a Gargoyle Fighter on Mar 31, 2023.
             Slain by Blork the orc
             ... wielding a +0 short sword
              (4 damage)
             ... on level 4 of the Dungeon.
             The game lasted 00:17:00 (3809 turns).

CatalinOSBI the Covered (Gargoyle Fighter)          Turns: 3809, Time: 00:17:01

Health: -2/34      AC: 12    Str: 22    XL:     5   Next: 84%
Magic:  5/5        EV:  9    Int:  8    God:
Gold:   96         SH:  4    Dex:  9    Spells: 4/4 levels left

rFire   + . .      SeeInvis .   a - +1 flail
rCold   . . .      Faith    .   c - +0 buckler
rNeg    + . .      Spirit   .   b - +0 scale mail
rPois   ∞          Reflect  .   (no helmet)
rElec   +          Harm     .   (no cloak)
rCorr   .          Rampage  .   (no gloves)
Will    .....                   s - +0 pair of boots
Stlth   ..........              (no amulet)
HPRegen 0.11/turn               i - ring of protection from fire
MPRegen 0.09/turn               (no ring)

@: no status effects
A: sickness immunity, AC +4, negative energy resistance 1, electricity
resistance, torment resistance 1, petrification resistance
a: no special abilities


You were on level 4 of the Dungeon.
You visited 1 branch of the dungeon, and saw 4 of its levels.

You collected 96 gold pieces.

Inventory:

Hand Weapons
 a - a +1 flail (weapon)
 h - a +0 sling
Armour
 b - a +0 scale mail (worn)
 c - a +0 buckler (worn)
 s - a +0 pair of boots (worn)
Jewellery
 i - a ring of protection from fire (left hand)
 k - an amulet of faith
Scrolls
 f - a scroll of blinking
 j - a scroll of vulnerability {unknown}
Potions
 d - a potion of might
 e - a potion of cancellation
 g - a potion of berserk rage
 p - a potion of attraction


   Skills:
 + Level 4.8 Fighting
 + Level 3.7 Maces & Flails
 + Level 4.8 Armour
 - Level 3.2 Shields


You had 4 spell levels left.
You didn't know any spells.
Your spell library contained the following spells:

 Spells                   Type           Power      Damage    Failure   Level
 Dazzling Flash           Conj/Hex       0%         N/A       99%         3
 Summon Guardian Golem    Hex/Summ       0%         N/A       99%         3
 Agony                    Necr           0%         N/A       100%        5
 Silence                  Hex/Air        0%         N/A       100%        5
 Orb of Destruction       Conj           0%         9d5       100%        7
 Spellforged Servitor     Conj/Summ      0%         N/A       100%        7


Dungeon Overview and Level Annotations

Branches:
Dungeon (4/15)
 Temple: D:4-7

Altars:
Makhleb
Ru
Wu Jian

Annotations:
D:4 Blork the orc


Innate Abilities, Weirdness & Mutations

You are immune to sickness and miasma.
Your stone body is resilient. (AC +4)
You are immune to poison.
You resist negative energy. (rN+)
You are resistant to electric shocks. (rElec)
You are resistant to unholy torment.
You are immune to petrification.


Message History

Aim: a kobold, wielding a +0 dagger (47% to hit)
You throw a boomerang. The boomerang hits the kobold.
The kobold is moderately wounded.
You hear some strange, mumbled words.
The kobold hits you with a +0 dagger.
Throw: boomerang
Press: ? - help, Q - select action Shift-Dir - straight line, f/p - kobold
Aim: a kobold, wielding a +0 dagger (moderately wounded, 47% to hit)
You throw a boomerang. The boomerang barely misses the kobold.
The kobold hits you with a +0 dagger.
* * * LOW HITPOINT WARNING * * *
The kobold barely misses you.
Throw: boomerang
Press: ? - help, Q - select action Shift-Dir - straight line, f/p - kobold
Aim: a kobold, wielding a +0 dagger (moderately wounded, 47% to hit)
You throw a boomerang. The boomerang hits the kobold.
You kill the kobold!
You feel yourself speed up. Something hits you.
* * * LOW HITPOINT WARNING * * *
Something hits you.
* * * LOW HITPOINT WARNING * * *
Blink to where?
Press: ? - help, Q - select action, (/) - cycle Dir - move target
As you read the scroll of blinking, it crumbles to dust.
Unknown command.
A kobold is nearby!
A magic dart appears from out of thin air!
The magic dart hits you.
* * * LOW HITPOINT WARNING * * *
You sock the plant!
The plant begins to die.
The plant is lightly damaged.
Something hits you but does no damage.
You thump something!
Something hits you but does no damage. x2
You sock something! Something hits you but does no damage.
The kobold hits you but does no damage. Something hits you but does no damage.
You barely miss something.
A nearby plant withers and dies.
Something hits you but does no damage. The kobold hits you but does no damage.
Something hits you.
You die...

###.#########
#...........# ♣
.♣...### #.#
..$.~~~)..###.###.#
..~~♣~~~..........#
.♣~~~~~....##.#
~~~~♣~♣..P##.#
♣~♣♣~..PK###.#
..~~P...@{....#
P..P..P########
###.. ##


You could see a kobold.

Vanquished Creatures
  A vampire bat (D:3)
  Natasha (D:4)
  An orc wizard (D:4)
  3 adders (D:2)
  3 dart slugs
  2 orcs (D:4)
  11 endoplasms
  4 giant cockroaches
  8 goblins
  2 hobgoblins
  4 jackals (D:3)
  6 kobolds
  5 quokkas
  8 ball pythons
  11 bats
  2 frilled lizards
  5 rats
77 creatures vanquished.

Vanquished Creatures (others)
  A plant (D:4)
1 creature vanquished.

Grand Total: 78 creatures vanquished

Notes
Turn   | Place    | Note
-------+----------+-------------------------------------------
     0 | D:1      | CatalinOSBI the Gargoyle Fighter began the quest for the
                  | Orb.
     0 | D:1      | Reached XP level 1. HP: 14/14 MP: 1/1
   212 | D:1      | Reached XP level 2. HP: 19/19 MP: 2/2
   580 | D:1      | Reached XP level 3. HP: 14/24 MP: 3/3
   807 | D:1      | Found a faded altar of an unknown god.
  1798 | D:2      | Reached XP level 4. HP: 29/29 MP: 4/4
  2677 | D:3      | Found a burning altar of Makhleb.
  2677 | D:3      | Found a sacrificial altar of Ru.
  2942 | D:3      | Reached XP level 5. HP: 33/34 MP: 5/5
  3757 | D:4      | Found an ornate altar of the Wu Jian Council.
  3779 | D:4      | Noticed a black bear
  3779 | D:4      | Noticed Natasha
  3788 | D:4      | Killed Natasha
  3794 | D:4      | Noticed Blork the orc
  3804 | D:4      | HP: 1/34 [something/magic dart (5)]
  3809 | D:4      | Slain by Blork the orc

Illustrated notes

Levels and vault maps discovered:
D:1:      heliophobic_arrival_ceremonial_halls, layout_loops_cross,
          ebering_ecumenical_altar_webs
D:2:      layout_loops_corners
D:3:      layout_loops_corners, nicolae_overflow_two_pavilions, roderic_batcave,
          kennysheep_generic_room_9
D:4:      layout_loops_corners, nzn_wu_jian_contemplation,
          mainiacjoe_overflow_small_starburst, serial_bayou_pond_a,
          uniq_blork_the_orc, uniq_natasha

Skill      XL: |  1  2  3  4 |
---------------+-------------+-----
Fighting       | 4 |  4.8
Armour         | 4 |  4.8
Maces & Flails | 3 |  3.7
Shields        | |  3.2

Action                   |  1- 3 |  4- 6 || total
-------------------------+-------+-------++-------
Melee: Flail             |   126 |    88 ||   214
Throw: Boomerang         |    19 |    63 ||    82
  Use: Scroll            |       |    10 ||    10
       Potion            |       |     4 ||     4
Armor: Scale mail        |    77 |    68 ||   145
Dodge: Dodged            |    52 |    64 ||   116
Block: Buckler           |    24 |    24 ||    48
